[Event "Cattolica Chess Festival 2022"]
[Site "Cattolica"]
[Date "2022.06.07"]
[Round "4.7"]
[White "Korneev, Oleg"]
[Black "Heinemann, Josefine"]
[Result "1/2-1/2"]
[ECO "D02"]
[WhiteElo "2521"]
[BlackElo "2300"]
[Annotator "TA"]
[PlyCount "49"]
[EventDate "2022.06.04"]
[EventCountry "ITA"]
[SourceTitle "playchess.com"]
[Source "ChessBase"]
[SourceQuality "1"]
[TimeControl "5400+30"]

1. d4 Nf6 2. Nf3 d5 3. Bf4 c5 4. e3 Nc6 5. c3 Qb6 6. Qb3 c4 7. Qc2 $1 {[%emt 0:00:03] The main line 7.Qc2 scores better than 7.Qxb6.} Bf5 8. Qc1 ({But not} 8. Qxf5 $2 Qxb2 9. Nbd2 Qxa1+ $19) 8... Nh5 {[%emt 0:00:41][%cal Bf6h5,Bh5g7,Bg7e6][%mdl 32] D02: 1 d4 d5 2 Nf3 sidelines, including 2...Nf6 3 g3 and 2...Nf6 3 Bf4.} 9. Be5 Nxe5 (9... f6 $15 10. Bg3 e5) 10. dxe5 (10. Nxe5 $5 Nf6 11. b3 $11) 10... g6 {[%emt 0:03:08] [#] Black has an edge.} 11. Nbd2 $146 ({Predecessor:} 11. Nd4 Bd7 12. Be2 Ng7 13. O-O Ne6 14. Bf3 Nxd4 15. exd4 Be6 16. b3 cxb3 17. axb3 {1-0 (32) Dominguez,J (2240)-Reyes Capellan,E (2108) Santo Domingo 2018}) 11... Ng7 12. a4 Ne6 13. e4 (13. b3 $11 {remains equal.}) 13... dxe4 14. Nxc4 Qc7 15. Nd4 Bg7 16. Be2 h5 ({Don't take} 16... Bxe5 17. Nb5 (17. Nxe5 Qxe5 18. g4 Nxd4 $15) 17... Qb8 18. g4 $14) 17. O-O Bxe5 18. Nxe5 Qxe5 19. Nxe6 Qxe6 20. Bb5+ Kf8 21. Rd1 Kg7 22. Bd7 Qe5 23. Bxf5 Qxf5 24. Qe3 b6 25. Rd4 {[%emt 0:00:26] Weighted Error Value: White=0.16 (very precise) /Black=0.17 (very precise)} 1/2-1/2

[Event "Cattolica Chess Festival 2022"]
[Site "Cattolica"]
[Date "2022.06.07"]
[Round "4.8"]
[White "Ceres, Dragos"]
[Black "Kjartansson, Gudmundur"]
[Result "1-0"]
[ECO "B23"]
[WhiteElo "2380"]
[BlackElo "2452"]
[Annotator "TA"]
[PlyCount "85"]
[EventDate "2022.06.04"]
[EventCountry "ITA"]
[SourceTitle "playchess.com"]
[Source "ChessBase"]
[SourceQuality "1"]
[TimeControl "5400+30"]

1. e4 c5 2. Nc3 Nc6 3. Bb5 Nd4 4. a4 a6 5. Bc4 e6 6. Nf3 {[%emt 0:00:38] B23: Closed Sicilian: Lines without g3.} Nf6 7. e5 d5 8. exd6 {[%emt 0:01:36] Black is slightly better.} Bxd6 9. d3 {[%emt 0:01:13] [#]} e5 $146 (9... Bd7 $15) ({Predecessor:} 9... O-O 10. O-O Bd7 11. Bg5 Bc6 12. Ne4 Be7 13. Nxd4 cxd4 14. Bxf6 Bxf6 15. Qe2 Be7 {½-½ (58) Onischuk,V (2633)-Svane,F (2421) Chess.com INT 2020}) 10. Ng5 $11 O-O 11. O-O Bg4 12. f3 $36 {[%emt 0:01:51][%mdl 2048] White has the initiative.} Bd7 (12... Bf5 $11 {keeps the balance.}) 13. Nce4 $16 Be7 14. c3 Nf5 15. Qb3 {[%emt 0:01:48][%cal Rg5f7] Inhibits b5.} Be8 16. Qxb7 Rb8 $1 17. Qxa6 {[%emt 0:05:12] White is much more active.} Ra8 $2 {[%emt 0:05:31] A mistake that costs the game.} (17... Kh8 $1 $14) 18. Qb7 $18 Rb8 19. Nxf6+ $1 Bxf6 {[%emt 0:00:20] [#]} 20. Qe4 g6 21. Nh3 Nd6 22. Qe2 {[%emt 0:02:44] Black must now prevent Bh6.} Nxc4 23. dxc4 Bc6 24. Be3 Be7 25. Nf2 Qc7 26. Nd3 Rfe8 27. Qf2 ({Don't do} 27. Nxc5 Bxc5 28. Bxc5 Bxf3 $18) (27. Bxc5 $6 e4 28. fxe4 Bxe4 $18) 27... Ra8 28. Bxc5 ({Resist} 28. Nxc5 Bxc5 29. Bxc5 Bxa4 $18) 28... Rxa4 29. Rxa4 Bxa4 30. Bxe7 Qxe7 31. Nb4 Bb3 32. Nd5 Qd6 33. Qb6 Qxb6+ 34. Nxb6 {[%emt 0:00:00][%mdl 4096] Endgame KRB-KRN} Re6 35. c5 Rc6 36. c4 ({Weaker is} 36. Nd7 Be6 $18) 36... Rxc5 {[%emt 0:00:00] [#]} 37. Rc1 $1 Rc6 38. c5 {[%emt 0:00:00] aiming for Rc3.} f5 39. Rc3 Bd1 (39... Be6 $142 40. b4 Rc7) 40. Kf2 {[%emt 0:00:00] b4 is the strong threat. White is clearly winning.} e4 41. b4 exf3 42. gxf3 f4 43. Ke1 {[%emt 0:00:00] Weighted Error Value: White=0.06 (flawless) /Black=0.30} 1-0

[Event "Cattolica Chess Festival 2022"]
[Site "Cattolica"]
[Date "2022.06.07"]
[Round "4.9"]
[White "Padmini, Rout"]
[Black "Buksa, Nataliya"]
[Result "1/2-1/2"]
[ECO "B33"]
[WhiteElo "2348"]
[BlackElo "2406"]
[Annotator "TA"]
[PlyCount "73"]
[EventDate "2022.06.04"]
[EventCountry "ITA"]
[SourceTitle "playchess.com"]
[Source "ChessBase"]
[SourceQuality "1"]
[TimeControl "5400+30"]

1. e4 c5 2. Nf3 Nc6 3. d4 cxd4 4. Nxd4 Nf6 5. Nc3 e5 6. Ndb5 d6 7. Nd5 Nxd5 8. exd5 Nb8 9. c4 Be7 10. Bd3 a6 {[%emt 0:00:50] B33: Sicilian: Pelikan and Sveshnikov Variations.} 11. Nc3 Nd7 12. O-O O-O 13. Qc2 g6 14. Bh6 Re8 15. b4 f5 16. Rad1 b6 {[%emt 0:04:20] Prevents c5.} 17. f3 $36 {[%emt 0:06:57][%mdl 2048] [#] White has some pressure.} Bg5 $146 ({Predecessor:} 17... Nf6 18. Qf2 Kh8 19. Be3 Nd7 20. Qd2 Bb7 21. a4 Bh4 22. g3 Be7 23. Rb1 Rb8 24. Rfe1 Rf8 25. Bh6 Rf7 26. Kg2 Qg8 27. Qc2 Qd8 28. Qc1 Qc7 {½-½ (28) Willert,F-Siljanovski,D CiF corr 2001}) 18. Bxg5 Qxg5 19. Qf2 Qd8 20. Bc2 Kh8 (20... Qc7 $5 ) 21. Ba4 Qc7 (21... b5 $11 22. cxb5 Nb6) 22. Bc6 $16 Rb8 23. Rfe1 Rf8 24. f4 {[%emt 0:04:28] 0x0.00222cbc10e7dp-1022s more active pieces.} e4 25. Qd4+ Nf6 26. Na4 b5 27. cxb5 axb5 28. Nc3 Bd7 {[%emt 0:00:09] [#]} 29. Rc1 ({Better is} 29. a4 $1 $16) 29... Bxc6 $11 {[%emt 0:04:58] The position is equal.} 30. dxc6 Qxc6 31. Nxe4 $1 {[%emt 0:00:11][%mdl 64] Pin} Qd5 32. Qxd5 Nxd5 33. Nxd6 Rb6 34. Nc8 Rb7 35. Nd6 Rb6 36. Nc8 Rb7 37. Nd6 {[%emt 0:00:00] Weighted Error Value: White=0.08 (flawless) /Black=0.10 (very precise)} 1/2-1/2

[Event "Cattolica Chess Festival 2022"]
[Site "Cattolica"]
[Date "2022.06.07"]
[Round "4.10"]
[White "Andreev, Konstantin"]
[Black "Willow, Jonah B"]
[Result "1/2-1/2"]
[ECO "C54"]
[WhiteElo "2238"]
[BlackElo "2401"]
[Annotator "TA"]
[PlyCount "61"]
[EventDate "2022.06.04"]
[EventCountry "ITA"]
[SourceTitle "playchess.com"]
[Source "ChessBase"]
[SourceQuality "1"]
[TimeControl "5400+30"]

1. e4 e5 2. Nf3 Nc6 3. Bc4 Nf6 4. d3 Bc5 5. O-O O-O 6. h3 d6 7. c3 a6 8. Bb3 Ba7 9. Nbd2 Ne7 10. Re1 Ng6 11. Nf1 Nh5 12. Be3 {[%emt 0:05:09] C54: Giuoco Piano: 4 c3 Nf6, main lines with 5 d4 and 5 d3.} ({White should try} 12. Bg5 $14 Nf6 13. d4) 12... Nhf4 13. Ng3 Be6 14. d4 {[%emt 0:04:09] White is slightly better.} Qc8 15. Ng5 {[%emt 0:19:44] [#]} Bd7 $146 ({Predecessor:} 15... Bxb3 16. axb3 h6 17. Nf3 Qe6 18. d5 Qf6 19. Kh2 Ne7 20. b4 Qg6 21. Qd2 Bxe3 22. fxe3 {½-½ (71) Ochsner,T (2362)-Bjornsson,S (2302) Rethymno 2003}) 16. Bxf4 (16. Nh5 $5 Ne6 17. Nf3 $14) 16... Nxf4 17. Nh5 {[%emt 0:02:07] And now Nxf4 would win.} Qd8 18. h4 ({Better is} 18. Nxf7 $14 Rxf7 19. Nxf4 exf4 20. e5 (20. Bxf7+ Kxf7 21. Qh5+ Kg8 $14)) 18... h6 (18... Ne6 $1 $11) 19. Nxf4 $16 {[%emt 0:01:13] Chess con chili.} exf4 {[%emt 0:00:04] [#]} 20. Qh5 ({Don't take} 20. Nf3 Bg4 $14) 20... Qf6 {[%emt 0:02:56] [#]} (20... hxg5 $2 21. hxg5 Bg4 22. Qxg4 $18) 21. e5 $1 dxe5 22. Rxe5 Rae8 23. Rae1 {[%emt 0:00:49] 0x0.001e368edb52dp-1022s more active pieces.} Rxe5 {[%emt 0:00:09] The position is equal.} 24. Rxe5 hxg5 25. hxg5 g6 {[%emt 0:00:01] Hoping for ...Qxe5.} 26. gxf6 {[%emt 0:01:24] Qxg6+ would kill now.} gxh5 27. Bc2 {[%emt 0:01:06] Strongly threatening Rg5+.} Rd8 {[%emt 0:02:52] ...Bg4 is the strong threat.} 28. Rg5+ Kh8 $1 29. Rxh5+ Kg8 30. Rg5+ Kh8 $1 31. Rh5+ {[%emt 0:00:05] Weighted Error Value: White=0.20 (precise) /Black=0.18 (very precise)} 1/2-1/2

[Event "Cattolica Chess Festival 2022"]
[Site "Cattolica"]
[Date "2022.06.08"]
[Round "5.3"]
[White "Schmider, Niklas"]
[Black "Basso, Pier Luigi"]
[Result "1-0"]
[ECO "C84"]
[WhiteElo "2393"]
[BlackElo "2570"]
[Annotator "TA"]
[PlyCount "111"]
[EventDate "2022.06.04"]
[EventCountry "ITA"]
[SourceTitle "playchess.com"]
[Source "ChessBase"]
[SourceQuality "1"]
[TimeControl "5400+30"]

1. e4 e5 2. Nf3 Nc6 3. Bb5 a6 4. Ba4 Nf6 5. O-O Nxe4 6. d4 Be7 7. Re1 b5 8. Rxe4 {[%emt 0:00:16] C84: Closed Ruy Lopez: Unusual White 6th moves.} d5 {[%emt 0:00:05] [#]} 9. Nxe5 $1 Nxe5 10. Rxe5 {[%emt 0:00:21] White is slightly better.} bxa4 11. Qe2 c6 12. Nc3 a3 13. b3 Be6 14. f4 {[%emt 0:00:34] aiming for f5.} Kf8 {[%emt 0:00:29] [#]} 15. Qf2 $146 ({Predecessor:} 15. f5 Bd7 16. f6 Bxf6 17. Bxa3+ Kg8 18. Na4 Bxe5 19. dxe5 h5 20. Bd6 Rh6 21. Nc5 {0-1 (81) Wagner,D (2581)-Martinez Alcantara,J (2620) Chess.com INT 2021}) 15... Bd7 16. Nb1 {[%emt 0:00:49][%cal Oe5e7] Hoping for Rxe7!} f6 17. Re3 Kf7 18. Bxa3 Bxa3 19. Nxa3 Qa5 {[%emt 0:01:18] [#]} 20. Nb1 ({White should play} 20. Qe1 $1 $16 Qxe1+ (20... Qxa3 21. b4) 21. Raxe1) 20... Rhe8 $11 21. Nc3 Rxe3 22. Qxe3 Re8 23. Qd2 Qa3 (23... Bf5 $11) 24. Na4 $16 Bf5 25. c3 a5 26. Nc5 (26. h3 $16) 26... Bg4 $1 $14 27. Qc1 Qxc1+ 28. Rxc1 {[%emt 0:00:03][%mdl 4096] Endgame KRB-KRN} Re2 $1 29. a4 Rb2 30. Re1 Bf5 31. Kf1 Bc2 $1 32. b4 {[%emt 0:01:19] Strongly threatening Re2.} axb4 (32... Ra2 $1 $11 {remains equal.}) 33. cxb4 $16 Rxb4 34. a5 Bf5 (34... Rxd4 $2 35. a6 Rd3 36. Ra1 $18 (36. Nxd3 Bxd3+ 37. Kf2 Bxa6 $16)) 35. Kf2 Bc8 (35... Rxd4 $2 36. a6 Rc4 37. a7 Rxc5 38. a8=Q $18) 36. Ke3 Ke7 (36... Rb8 $142) 37. Kd3+ Kd8 38. Re2 {[%emt 0:03:52] Prevents Rb2.} (38. a6 $16 {Threatening mate with a7.} Rb2 39. Ra1) 38... Rb5 (38... Rc4 $1 $11) 39. Ra2 Rb8 (39... Kc7 $142) 40. Kc3 Kc7 (40... Ra8 $16) 41. Re2 $18 Kd8 {[%emt 0:00:00] Against Re7} 42. Rb2 {[%emt 0:01:55] Against Rb1} Ra8 43. Kb4 Kc7 (43... Rb8+ $16 {might work better.} 44. Ka3 Rxb2 45. Kxb2 Kc7) 44. Re2 {[%emt 0:00:20] And now Re7+ would win.} Kd8 {[%emt 0:00:06] Inhibits Re7.} 45. Ka4 {[%emt 0:00:25] White is more active.} Ba6 $2 {[%emt 0:03:23] This costs Black the game.} (45... h5 $16 {was worth a try.} 46. g3 Bg4) 46. Re6 Bb5+ 47. Kb4 {[%emt 0:00:05] Black must now prevent Rd6+.} Ra7 48. Re3 Bf1 (48... g5 $142 49. Re6 gxf4 50. Rxf6 Bf1) 49. a6 Bxa6 50. Ra3 Re7 51. Rxa6 {[%emt 0:00:31] Ra8+ is the strong threat.} Re2 52. Ra7 Rb2+ 53. Ka5 Rxg2 54. Kb6 {[%emt 0:00:21] White mates.} Ke8 55. Kxc6 Kf8 56. Ne6+ {[%emt 0:00:21] Weighted Error Value: White=0.12 (very precise) /Black=0.38} 1-0

[Event "Cattolica Chess Festival 2022"]
[Site "Cattolica"]
[Date "2022.06.08"]
[Round "5.4"]
[White "Brunello, Sabino"]
[Black "Ceres, Dragos"]
[Result "1-0"]
[ECO "D63"]
[WhiteElo "2521"]
[BlackElo "2380"]
[Annotator "TA"]
[PlyCount "99"]
[EventDate "2022.06.04"]
[EventCountry "ITA"]
[SourceTitle "playchess.com"]
[Source "ChessBase"]
[SourceQuality "1"]
[TimeControl "5400+30"]

1. d4 Nf6 2. c4 e6 3. Nc3 d5 4. Bg5 Nbd7 5. e3 c6 6. Nf3 Be7 7. Rc1 O-O 8. a3 h6 {[%emt 0:08:57] D63: Queen's Gambit Declined: Classical: 7 Rc1.} 9. Bf4 dxc4 10. Bxc4 Nd5 {[%emt 0:00:36] White is slightly better.} 11. O-O {[%emt 0:09:03] [#]} N7f6 $146 ({Predecessor:} 11... Nxf4 12. exf4 c5 13. Ba2 cxd4 14. Nxd4 Nf6 15. Qd2 b6 16. Rfd1 Bb7 17. Qe2 Bc5 18. Nxe6 Qb8 19. Nxf8 Qxf4 20. Ng6 Qg5 21. Nd5 Nxd5 22. Rxc5 {1-0 (22) Rellstab,L-Behle,K Bad Neuenahr 1957}) 12. Be5 b6 13. Qe2 Bb7 14. Rfd1 Nxc3 15. Rxc3 a5 16. Bd3 b5 (16... Qc8 $14) 17. Bxf6 Bxf6 18. Be4 b4 19. axb4 {[%emt 0:01:55] 0x0.0022f9fa3c22dp-1022s more active pieces.} axb4 20. Rc2 Qb6 21. Nd2 Rfc8 22. f4 Ra2 (22... Ba6 $14 23. Qe1 Bb5) 23. Nb3 Ba6 24. Bd3 Be7 25. Rdc1 Bxd3 26. Qxd3 g6 27. Qc4 Rca8 28. Kf2 Kg7 29. Rb1 R8a6 30. Nc1 R2a5 31. Nd3 {[%emt 0:00:44] Inhibits c5.} b3 32. Rc3 Rb5 33. Ne5 Bb4 34. Rd3 (34. Rcc1 $5 ) 34... Qb7 35. Kf1 Bd6 36. Nf3 Rb4 37. Qc3 {[%emt 0:00:00] Strongly threatening d5+.} Kg8 38. Rc1 Qb5 39. Kf2 Rba4 40. Rdd1 Bb4 41. Qd3 Ra2 42. Rb1 Ba3 43. Qxb5 cxb5 44. Rd2 Bxb2 45. Rdxb2 ({Don't do} 45. Rbxb2 Rxb2 46. Rxb2 Ra2 $16) 45... Rxb2+ 46. Rxb2 $14 {[%emt 0:03:58] KRN-KR} Ra2 47. Re2 {[%emt 0:00:00] [#] And now Nd2 would win.} Rc2 (47... b2 $1 $14 48. Nd2 Ra1) 48. Nd2 $18 Rb2 49. e4 Kf8 50. Ke1 {[%emt 0:00:00] Weighted Error Value: White=0.09 (flawless) /Black=0.20 (precise)} 1-0

[Event "Cattolica Chess Festival 2022"]
[Site "Cattolica"]
[Date "2022.06.08"]
[Round "5.5"]
[White "Padmini, Rout"]
[Black "Jobava, Baadur"]
[Result "1/2-1/2"]
[ECO "C42"]
[WhiteElo "2348"]
[BlackElo "2600"]
[Annotator "TA"]
[PlyCount "20"]
[EventDate "2022.06.04"]
[EventCountry "ITA"]
[SourceTitle "playchess.com"]
[Source "ChessBase"]
[SourceQuality "1"]
[TimeControl "5400+30"]

1. e4 e5 2. Nf3 Nf6 3. Nxe5 d6 4. Nf3 Nxe4 5. Qe2 Qe7 6. d3 Nf6 7. Nc3 Qxe2+ 8. Bxe2 Be7 {[%emt 0:00:02] C42: Petroff Defence: 3 Nxe5 and unusual White 3rd moves.} 9. h3 O-O 10. Be3 {[%emt 0:00:07] [#]} Re8 $146 {[%emt 0:00:02] An uneventful encounter.  Weighted Error Value: White=0.10 (very precise) /Black=0.04 (flawless)} ({Predecessor:} 10... Bd7 11. O-O-O Bc6 12. d4 Ne4 13. Nb5 Bxb5 14. Bxb5 c6 15. Bd3 d5 16. c4 {½-½ (16) Gonzalez Garcia,J (2431)-Sequera Paolini,J (2392) Santa Clara 2003}) 1/2-1/2

[Event "Cattolica Chess Festival 2022"]
[Site "Cattolica"]
[Date "2022.06.08"]
[Round "5.6"]
[White "Aslanov, Umid"]
[Black "Korneev, Oleg"]
[Result "1/2-1/2"]
[ECO "B42"]
[WhiteElo "2281"]
[BlackElo "2521"]
[Annotator "TA"]
[PlyCount "86"]
[EventDate "2022.06.04"]
[EventCountry "ITA"]
[SourceTitle "playchess.com"]
[Source "ChessBase"]
[SourceQuality "1"]
[TimeControl "5400+30"]

1. e4 c5 2. Nf3 e6 3. d4 cxd4 4. Nxd4 a6 5. Bd3 Nf6 6. O-O e5 7. Ne2 {[%emt 0:03:19] B42: Sicilian: Kan Variation: 5 Bd3.} Bc5 {[%emt 0:01:27] [#]} 8. c4 $146 ({Predecessor:} 8. Ng3 O-O 9. Nc3 d6 10. Bg5 h6 11. Bxf6 Qxf6 12. Nd5 Qd8 13. c3 Be6 14. b4 Ba7 {1-0 (55) Klauser,M (2400)-Hakimifard,G (2270) Flims 2021}) 8... d6 9. h3 {[%emt 0:01:23] White has an edge.} Nc6 10. Nbc3 O-O 11. a3 a5 12. Ng3 h6 13. Rb1 Bd7 14. Be3 Bxe3 15. fxe3 g6 16. b4 ({White should try} 16. b3 $14) 16... axb4 $11 17. axb4 Kg7 18. Be2 Be6 19. Nb5 Ne8 20. Qd2 Na7 {[%emt 0:03:38] White must now prevent ...Nxb5.} 21. Nc3 Rc8 22. Nd5 Nc6 23. Kh2 Ne7 24. Rfc1 b6 25. Ra1 Bxd5 (25... h5 {is more complex.} 26. Bd3 Nf6 27. Rf1 Bxd5 28. cxd5 Ra8) 26. cxd5 Rxc1 27. Qxc1 Nf6 28. Ra7 h5 29. Bd3 Nc8 (29... Neg8 $14) 30. Rc7 {[%emt 0:01:54] White is much more active. The black rooks are badly placed.} Ng4+ {[%emt 0:00:43] [#]} 31. hxg4 (31. Kg1 $1 $16 Nxe3 32. Ne2 (32. Rxc8 Qxc8 33. Qxe3 Qc3 $11)) 31... Qh4+ $14 32. Kg1 Qxg3 33. gxh5 {[%emt 0:00:00] Hoping for Ba6.} Qg5 34. hxg6 Ne7 ({Black should play} 34... Kxg6 $14 35. Qe1 Kg7) 35. gxf7 $16 Ng6 (35... Rxf7 $16 36. Qe1 Ng6 37. Rxf7+ Kxf7 38. Qf2+ Kg7) 36. Qd2 $18 Nh8 37. Rb7 (37. Be2 $18) 37... Rxf7 $16 38. Rxf7+ ({Don't play} 38. Rxb6 $6 Ng6 $11) 38... Nxf7 {[%emt 0:00:00] KQB-KQN} 39. Qf2 {[%emt 0:01:01] Prevents Qh4.} Qg4 40. Qf3 Qh4 41. Qf2 Qg4 42. Qf3 Qh4 43. g3 Ng5 {[%emt 0:00:35] Weighted Error Value: White=0.18 (very precise) /Black=0.11 (very precise)} 1/2-1/2

[Event "Cattolica Chess Festival 2022"]
[Site "Cattolica"]
[Date "2022.06.08"]
[Round "5.7"]
[White "Shahil Dey"]
[Black "Milikow, Yoav"]
[Result "1-0"]
[ECO "C07"]
[WhiteElo "2369"]
[BlackElo "2410"]
[Annotator "TA"]
[PlyCount "35"]
[EventDate "2022.06.04"]
[EventCountry "ITA"]
[SourceTitle "playchess.com"]
[Source "ChessBase"]
[SourceQuality "1"]
[TimeControl "5400+30"]

1. e4 e6 2. d4 d5 3. Nd2 c5 4. Ngf3 cxd4 5. Nxd4 Nf6 6. exd5 Nxd5 {[%emt 0:01:07] is more profitable than 6...Qxd5 at the moment.} 7. Ne4 {[%emt 0:00:36] C07: French Tarrasch: 3...c5, 4 Ngf3 and 4 exd5 Qxd5.} Bd7 8. Bc4 Nc6 9. O-O (9. Nb5 $1 $14) 9... Be7 10. Bxd5 exd5 11. Nc3 {[%emt 0:00:20] [#]} Bc8 $146 ({Predecessor:} 11... Be6 12. Re1 Nxd4 13. Qxd4 O-O 14. Bf4 Qa5 15. Be5 Bc5 16. Qf4 Rfe8 17. Rad1 Rac8 {½-½ (82) Kovalev,V (2637)-Holt,C (2549) Chess.com INT 2021}) 12. Be3 O-O 13. Qh5 Bf6 14. Rad1 Ne5 {[%emt 0:01:47] Strongly threatening ...Bg4.} 15. h3 {[%emt 0:01:05] Against Bg4} b6 16. Nf5 {[%emt 0:16:41] White is more active. Pair of Knights!} Bb7 {[%emt 0:04:39] [#]} (16... Be6 $14) 17. Ne4 $1 $18 {[%emt 0:02:58] aiming for Bg5.} g6 $2 (17... Ng6 18. Bg5 dxe4) 18. Qh6 {[%emt 0:02:10] Weighted Error Value: White=0.09 (flawless) /Black=0.53} 1-0

[Event "Cattolica Chess Festival 2022"]
[Site "Cattolica"]
[Date "2022.06.08"]
[Round "5.8"]
[White "Heinemann, Josefine"]
[Black "Milikow, Elie"]
[Result "0-1"]
[ECO "B41"]
[WhiteElo "2300"]
[BlackElo "2428"]
[Annotator "TA"]
[PlyCount "86"]
[EventDate "2022.06.04"]
[EventCountry "ITA"]
[SourceTitle "playchess.com"]
[Source "ChessBase"]
[SourceQuality "1"]
[TimeControl "5400+30"]

1. e4 c5 2. Nf3 e6 3. d4 cxd4 4. Nxd4 a6 5. c4 Nf6 6. Nc3 Qc7 7. a3 b6 8. Be3 Bb7 {[%emt 0:00:20] B41: Sicilian: Kan Variation: 5 c4.} 9. f3 Be7 10. Be2 O-O {[%emt 0:00:18] White is slightly better.} 11. O-O d6 12. Rc1 Nbd7 13. Qd2 Rac8 14. b4 Qb8 15. Kh1 h5 16. Rc2 Ne5 17. Na4 Bd8 18. Rb1 Re8 {[%emt 0:10:41] [#]} 19. b5 $146 ({Predecessor:} 19. c5 b5 20. Nb2 h4 21. cxd6 Qxd6 22. Rxc8 Bxc8 23. Nb3 Qb8 24. Qd4 Bb7 25. Qa7 Qxa7 26. Bxa7 {½-½ (37) Sadzikowski,D (2510)-Kveinys,A (2510) Heusenstamm 2015}) 19... a5 20. Nc6 Bxc6 21. bxc6 Rxc6 22. Qxa5 Ned7 23. Qb5 Qc8 24. Bf2 d5 25. exd5 exd5 26. Rbc1 Ne5 (26... Be7 $11 {was preferrable.}) 27. c5 bxc5 28. Rxc5 Rxc5 29. Nxc5 Qf5 30. Re1 (30. Nb3 $1 $16) 30... Bc7 $11 31. Bg3 {[%emt 0:02:44] [#]} (31. Bf1 $11) 31... Rb8 (31... Nxf3 $1 $15 32. Rf1 (32. gxf3 $2 Bxg3 33. Rg1 h4 $19) (32. Bxf3 $2 Rxe1+ 33. Bxe1 Qe5 $19) 32... Rb8 33. Rxf3 Rxb5 34. Rxf5 Rxc5 35. Bxc7 Rxc7) 32. Qa4 Bd6 $36 {[%emt 0:00:00][%mdl 2048] Black has good play.} 33. Nb3 Qc2 34. Bd1 {[%emt 0:00:00] This bishop pair is nice.} Qc3 35. Rg1 {[%emt 0:00:00] [#]} (35. Qa5 $1 $11 Rxb3 36. Qd8+ Kh7 37. Qxd6 (37. Bxb3 Nxf3 38. Qxd6 Nxe1 $17)) 35... Nd3 $1 $17 {[%emt 0:00:34] 0x0.002afdf858a3dp-1022s more active pieces.} 36. Rf1 $2 (36. Qa7 Bxg3 37. hxg3 Rxb3 38. Bxb3 Qxb3 39. Qe3) 36... Bxg3 $19 37. hxg3 {[%emt 0:00:00] [#]} Nf2+ $1 38. Rxf2 {[%emt 0:00:00] Strongly threatening Kh2.} Qe1+ 39. Kh2 {[%emt 0:00:00] Qd4 is the strong threat.} Qxf2 40. Qf4 (40. Qd4 $142 Qf1 41. Qg1 Qxg1+ 42. Kxg1) 40... Re8 {[%emt 0:00:33] ( -> ...Re1)} 41. Nd4 Re1 {[%emt 0:00:16] Black mates.} 42. Qb8+ Kh7 43. Bc2+ g6 {[%emt 0:00:09] Weighted Error Value: White=0.61/Black=0.09 (flawless)} 0-1

[Event "Cattolica Chess Festival 2022"]
[Site "Cattolica"]
[Date "2022.06.08"]
[Round "5.9"]
[White "Buksa, Nataliya"]
[Black "Bin-Suhayl, Ieysaa"]
[Result "0-1"]
[ECO "C11"]
[WhiteElo "2406"]
[BlackElo "2255"]
[Annotator "TA"]
[PlyCount "114"]
[EventDate "2022.06.04"]
[EventCountry "ITA"]
[SourceTitle "playchess.com"]
[Source "ChessBase"]
[SourceQuality "1"]
[TimeControl "5400+30"]

1. e4 e6 2. d4 d5 3. Nc3 Nf6 4. e5 Nfd7 5. f4 c5 6. Nf3 Nc6 7. Be3 a6 8. Qd2 b5 9. dxc5 Bxc5 10. Bd3 {[%emt 0:00:04] C11: French: Classical System: 4 e5 and 4 Bg5 dxe4.} Qb6 ({Don't play} 10... d4 11. Nxd4 Nxd4 12. Ne4 $16) 11. Bf2 Bxf2+ 12. Qxf2 {[%emt 0:00:05] The position is equal.} Qxf2+ 13. Kxf2 O-O 14. Rhe1 Nc5 15. a3 {[%emt 0:09:46] [#]} Bd7 $146 ({Predecessor:} 15... b4 16. Ne2 f6 17. Kg3 Bd7 18. Ned4 Nxd4 19. Nxd4 Rfb8 20. Kf3 bxa3 21. bxa3 Rb2 {1-0 (85) Bagi,M (2469)-Bin Suhayl,I (2187) Hastings 2019}) 16. Ke3 f6 17. Ne2 g5 {[%emt 0:07:33][%cal Bg7g5,Bg5g4][%mdl 32] ...gxf4+ is the strong threat.} 18. g3 g4 19. Nfd4 {[%emt 0:00:52] [#]} Nxe5 20. fxe5 fxe5 21. Nb3 $2 {[%emt 0:00:05][%mdl 8192] Black converts the advantage convincingly.} (21. Rf1 $11) 21... Rf3+ $19 22. Kd2 {[%emt 0:00:04] [#]} Rxd3+ $1 {[%emt 0:00:13][%mdl 576] Deflection} 23. cxd3 Nxb3+ 24. Ke3 $2 (24. Kc3 Nxa1 25. Rxa1) 24... Rf8 25. Ng1 {[%emt 0:00:04] Inhibits Rf3+.} d4+ 26. Ke2 Nxa1 27. Rxa1 {[%emt 0:00:04][%mdl 4096] Endgame KRB-KRN} Kf7 28. h3 h5 29. Kd2 Ke7 30. Ke2 Rg8 {[%emt 0:01:10] aiming for ...gxh3.} 31. h4 (31. hxg4 $142 Rxg4 32. Nf3) 31... Rc8 32. Kd2 Rf8 33. Ke2 Kd6 34. Ke1 Bc6 35. Rc1 Bg2 36. Ke2 Bb7 37. b4 Rc8 38. Rxc8 Bxc8 {[%emt 0:00:04] KB-KN} 39. Kd2 Bb7 40. Ne2 Bd5 41. Kc2 Kc6 42. Kd2 Kb6 43. Kc2 a5 44. bxa5+ Kxa5 45. Kb2 Kb6 46. Kc2 Kc5 47. Kd2 Kb6 48. Kc2 Bf3 {[%emt 0:00:36] Black mates.} 49. Nc1 e4 50. Nb3 e5 51. Nd2 e3 52. Nb3 Bd5 53. Nc1 Ka5 54. Kb1 Ka4 55. Kb2 Be6 56. Ne2 Bf7 57. Nc1 Bd5 {[%emt 0:00:03] Weighted Error Value: White=0.71/Black=0.10 (very precise)} 0-1